Map: King's Cove LE

Players

SpaceMarine

  • Race: Protoss Protoss
  • League: Diamond
  • Spawn Location: 5:00

Wanderer - Winner!

  • Race: Terran Terran
  • Spawn Location: 11:00

Event: 2019 WCS Summer

VOD

Have the link to the VOD?

Description

Time

  • Played on: July 12, 2019, 9:19 a.m.
  • Length: 7:04

All games in this series

Show
View Real Time Build Order
Export as new Build Order

SpaceMarine Protoss 

Build Orders: Oracle Opening, Phoenix Opening 

Get SALT Encoding   

  12  0:00  Probe  
  13  0:12  Probe  
  14  0:17  Pylon  
  14  0:24  Probe  
  15  0:32  Probe  
  15  0:37  Gateway  
  15  0:40  Probe  
  16  0:46  Assimilator  
  17  0:51  Probe  
  17  0:55  Assimilator  
  18  0:59  Probe  
  19  1:07  Probe  
  19  1:17  Probe, Pylon  
  20  1:24  Cybernetics Core  
  21  1:29  Probe  
  24  1:41  Probe  
  25  1:57  Adept  
  25  2:00  Stargate  
  25  2:10  Nexus  
  25  2:14  Probe  
  26  2:16  Warp Gate  
  26  2:26  Adept  
  28  2:33  Probe, Pylon  
  29  2:45  Probe, Oracle  
  33  2:57  Probe  
  34  3:09  Probe  
  35  3:18  Probe, Phoenix  
  35  3:21  Probe  
  35  3:26  Probe  
  39  3:33  Probe  
  41  3:37  Probe, Gateway  
  41  3:39  Gateway  
  42  3:46  Probe, Phoenix  
  45  3:49  Probe  
  43  3:58  Probe  
  43  4:01  Probe  
  45  4:06  Twilight Council  
  45  4:10  Probe  
  45  4:11  Phoenix  
  45  4:13  Probe  
  45  4:14  Assimilator  
  45  4:16  Assimilator  
  49  4:21  Pylon  
  49  4:22  Probe  
  50  4:25  Charge, Probe  
  51  4:34  Probe  
  51  4:37  Probe  
  53  4:48  Probe, Robotics Facility  
  53  4:49  Probe  
  55  4:55  Pylon  
  55  4:59  Forge  
  54  5:11  Zealot  
  54  5:12  Zealot x2  
  60  5:17  Gateway x2  
  60  5:26  Warp Prism  
  60  5:34  Zealot x3  
  68  5:47  Probe x2  
  70  5:50  Templar Archives  
  70  5:57  Pylon  
  70  6:00  Pylon  
  70  6:18  Stalker x2  
  70  6:19  Stalker x3  
  69  6:43  Zealot x4  
  69  6:44  Zealot  
Show
View Real Time Build Order
Export as new Build Order

Wanderer Terran - Winner!

Build Orders:  

Get SALT Encoding   

  12  0:00  SCV  
  13  0:12  SCV  
  14  0:17  Supply Depot  
  14  0:24  SCV  
  15  0:39  SCV  
  15  0:41  Barracks  
  16  0:44  Refinery  
  16  0:51  SCV  
  17  1:03  SCV  
  18  1:15  SCV  
  19  1:27  SCV  
  20  1:33  Reaper  
  21  1:40  Command Center  
  21  1:47  Orbital Command  
  21  1:55  Bunker  
  21  2:05  Supply Depot  
  21  2:08  Barracks Reactor  
  21  2:16  SCV  
  22  2:23  Factory  
  22  2:28  SCV  
  22  2:39  Refinery  
  22  2:41  SCV  
  22  2:43  Marine  
  22  2:44  Marine  
  25  2:52  Orbital Command  
  25  2:53  SCV  
  26  3:01  Marine x2  
  28  3:06  SCV  
  28  3:08  Widow Mine  
  31  3:13  Starport  
  31  3:19  SCV  
  32  3:20  Marine x2  
  32  3:24  SCV  
  35  3:29  Factory Tech Lab  
  36  3:34  SCV  
  36  3:38  Marine  
  36  3:40  Marine, SCV  
  39  3:46  SCV  
  40  3:52  SCV  
  40  3:54  Cyclone  
  44  3:58  Marine  
  45  4:03  SCV  
  45  4:08  Supply Depot  
  46  4:11  Mag-Field Accelerator  
  46  4:25  Viking, Marine x2  
  46  4:26  SCV x2  
  46  4:31  Cyclone  
  55  4:38  SCV x2, Supply Depot  
  57  4:43  Marine x2  
  59  4:46  Supply Depot  
  59  4:50  SCV x2  
  61  5:01  Marine x2  
  61  5:02  SCV  
  61  5:03  Cyclone  
  61  5:04  Viking  
  69  5:11  SCV, Supply Depot  
  70  5:14  SCV  
  70  5:17  Engineering Bay  
  70  5:19  Marine x2  
  70  5:20  Supply Depot  
  73  5:24  SCV  
  74  5:33  Supply Depot  
  74  5:35  Cyclone  
  77  5:37  Viking, Marine x2  
  81  5:44  SCV  
  81  5:47  Missile Turret  
  81  5:52  SCV  
  81  5:56  Marine x2, SCV  
  85  5:58  Barracks, Supply Depot  
  85  5:59  Barracks  
  85  6:04  SCV  
  85  6:09  Siege Tank  
  88  6:12  Viking  
  88  6:16  SCV  
  86  6:31  Bunker  
  81  6:34  Bunker  
  81  6:38  Marine x2  
  81  6:39  SCV x2  
  84  6:51  SCV  
  85  7:03  Bunker  
Tags
 
Add a new tag
Caveats
  • Supply blocks, unpowered buildings, or Contaminate may cause inaccurate times.
  • Supply counts are checked every 10 seconds.